 Dungeon Crawl Stone Soup version 0.17-a0-2027-gcac42c4 (webtiles) character file.

51 Duffy the Slasher (level 4, 0/35 HPs)
             Began as a Formicid Berserker on Oct 10, 2015.
             Was a Believer of Trog.
             Slain by an orc
             ... wielding a +0 dagger
              (5 damage)
             ... on level 3 of the Dungeon.
             The game lasted 00:02:23 (1974 turns).

Duffy the Slasher (Formicid Berserker)              Turns: 1974, Time: 00:02:23

Health: 0/35       AC:  3    Str: 21    XL:     4   Next: 5%
Magic:  4/4        EV: 12    Int:  7    God:    Trog [**....]
Gold:   108        SH:  0    Dex: 11    Spells: 0 memorised, 3 levels left

rFire  . . .     SeeInvis +     a - +0 falchion
rCold  . . .     Clarity  .     b - +0 animal skin
rNeg   . . .     SustAt   .     (no shield)
rPois  .         Gourm    .     (helmet unavailable)
rElec  .         Spirit   .     (no cloak)
rCorr  .         Warding  .     j - +0 pair of gloves
rMut   .         Stasis   +     (no boots)
MR     .....                    (no amulet)
Stlth  +.........               (no ring)
                                (no ring)

@: not resistant to hostile enchantments, very unstealthy
A: permanent stasis, dig shafts and tunnels, four strong arms, antennae 3
a: Dig, Shaft Self, Burn Spellbooks, Trog's Hand, Renounce Religion


You were on level 3 of the Dungeon.
You worshipped Trog.
Trog was pleased with you.
You were not hungry.

You visited 1 branch of the dungeon, and saw 3 of its levels.

You collected 108 gold pieces.


Innate Abilities, Weirdness & Mutations

You are under a permanent stasis effect.
You can dig through walls and to a lower floor.
Your four strong arms can wield two-handed weapons with a shield.
You have a pair of large antennae on your head (SInv).


   Skills:
 - Level 3.2 Fighting
 + Level 4.5 Long Blades
 - Level 2.2 Armour
 - Level 1.8 Dodging


You had 3 spell levels left.
You didn't know any spells.

Inventory:

Hand Weapons
 a - a +0 falchion (weapon)
Missiles
 d - 64 stones (quivered)
 m - 7 poisoned needles
Armour
 b - a +0 animal skin (worn)
 j - a +0 pair of gloves (worn)
Wands
 i - a wand of confusion (17)
Scrolls
 e - a scroll of teleportation {unknown}
 k - a scroll of enchant weapon {unknown}
 l - 2 scrolls of remove curse {unknown}
 r - a scroll of magic mapping {unknown}
Potions
 f - a potion of resistance {unknown}
 h - a potion of cancellation {unknown}
 n - 2 potions of mutation {unknown}
 q - a potion of curing {unknown}
Comestibles
 c - a bread ration
 g - a meat ration
 o - a royal jelly
 p - a beef jerky
 s - 2 chunks of flesh

Dungeon Overview and Level Annotations

Branches:
Dungeon (3/15)

Altars:

Annotations:
D:2 exclusion: adder


Message History

You hit the orc.
You kill the orc!
Trog accepts your kill.
You hit the orc but do no damage. The orc hits you with a hand axe.
You completely miss the orc. The orc closely misses you.
You hit the orc.
The orc is lightly wounded.
The orc misses you.
You hit the orc.
The orc is moderately wounded.
The orc hits you with a hand axe.
You hit the orc but do no damage.
The orc is moderately wounded.
The orc hits you with a hand axe.
You hit the orc.
The orc is heavily wounded.
The orc hits you but does no damage.
You barely miss the orc.
The orc is heavily wounded.
The orc hits you with a hand axe!
You slash the orc!
You kill the orc!
Trog accepts your kill.
You have reached level 4!
You feel clever.
You slash the orc!
You kill the orc!
Trog accepts your kill.
You hit the orc.
The orc is almost dead.
The orc hits you with a dagger.
You barely miss the orc.
The orc is almost dead.
The orc hits you with a dagger.
You die...

#..####
#..)..#
#.###.# #.#
#.# #.# #.#
#.# #.# #.#
#.# #.# #.#
#@# #.# #
#o###.###.#..
##.##.........
#.[..........#
#.###.########
#. #.#### #$
#..).## #.
#..#.รท### #.
#.###...#


You could see an orc.

Action                   |  1- 3 |  4- 6 || total
-------------------------+-------+-------++-------
Melee: Falchion          |   112 |     3 ||   115
 Stab: Sleeping          |     1 |       ||     1
  Eat: Chunk             |     3 |       ||     3

Notes
Turn   | Place    | Note
--------------------------------------------------------------
     0 | D:1      | Duffy the Formicid Berserker began the quest for the Orb.
     0 | D:1      | Reached XP level 1. HP: 18/18 MP: 1/1
   443 | D:1      | Reached XP level 2. HP: 24/24 MP: 2/2
  1180 | D:2      | Reached skill level 4 in Long Blades
  1180 | D:2      | Reached XP level 3. HP: 19/29 MP: 3/3
  1781 | D:3      | Acquired Trog's second power
  1971 | D:3      | Reached XP level 4. HP: 8/35 MP: 4/4
  1974 | D:3      | Slain by an orc

Vault maps used:
D:1:      minmay_arrival_four_houses, minmay_stone_trees_small,
          dk_noncrumbling_2, minmay_unequal
D:2:      xom_teletrap_fun
D:3:      tgw_sif, lemuel_doored_altar

Vanquished Creatures
  A gnoll
  A giant gecko
  8 orcs
  A giant cockroach
  5 hobgoblins
  3 kobolds
  4 bats
  5 giant newts
  3 goblins
  3 rats
34 creatures vanquished.
